AoeStats
← Illice90

Arabia

506098556Analyzed
1v1 RM · 19d ago on Sep 12, 2026· 22m 7s· 2 players
Game mode
Random Map
Map size
Tiny (2 player)
Population
200
Speed
Normal
Resources
Standard
Victory
Conquest
Starting age
Dark Age
Ending age
Imperial Age
RankedLock teamsTeams togetherTeam positionsShared explorationLock speedFull tech treeHidden civsTurbo modeCheats
Victory
Defeat
🇺🇸 Burgundians · United States
919
+16
🇪🇸 Tatars · Spain
921
-16
HalfHazzard
8:01 Loom
10:40 Feudal Age
11:30 Double-Bit Axe
21:47 Castle Age
19:55 Horse Collar
20:25 Scale Barding Armor
20:25 Gold Mining
Illice90
10:26 Feudal Age
Connection lost

Rejoining the realm…

Still unreachable

The connection could not be restored.

Session expired

The server has moved on; the page needs a fresh start.